[Event "*** Titled Tuesday 3|2 Blitz"]
[Site "Chess.com"]
[Date "2015.12.01"]
[Round "2"]
[White "BIG_Pirate"]
[Black "BellJackson95"]
[Result "1-0"]
[WhiteElo "2274"]
[BlackElo "2152"]
[TimeControl "180+2"]
[EndTime "11:19:25 PST"]
[Termination "BIG_Pirate won by resignation"]

1. Nf3 Nf6 2. c4 e6 3. Nc3 d5 4. d4 Bb4 5. Qa4+ Nc6 6. e3 Ne4 7. Qc2 O-O 8. Bd3 Nf6 9. O-O dxc4 10. Bxc4 Re8 11. a3 Bf8 12. b4 a6 13. Bb2 e5 14.
dxe5 Nxe5 15. Nxe5 Rxe5 16. Rad1 Qe8 17. Nd5 Nxd5 18.
Bxe5 Nxb4 19. Qb2 Nc6 20. Bxc7 Qe4 21. Bd5 Qg6 22. Bg3 h5 23. Qb1 Bf5 24. Qxb7 Rc8 25. e4 Bg4 26. f3 Bc5+ 27. Kh1 Nd8 28. Qb3 Be6 29. Bxe6 Nxe6 30. Rd5 Nd4 31. Qb7 Qe6 32.
Bf2 1-0

[Event "*** Titled Tuesday 3|2 Blitz"]
[Site "Chess.com"]
[Date "2015.12.01"]
[Round "2"]
[White "RitchieBlackmore"]
[Black "Er_is_geen_hoop_meer"]
[Result "0-1"]
[WhiteElo "2346"]
[BlackElo "2342"]
[TimeControl "180+2"]
[EndTime "11:19:32 PST"]
[Termination "Er_is_geen_hoop_meer won by resignation"]

1. d4 Nf6 2. Nc3 g6 3. e4 d6 4. Bg5 Bg7 5. e5 Nfd7 6. exd6 cxd6 7. Qd2 h6 8. Be3 Nc6 9. Nf3 Nf6 10. Bc4 Bg4 11. h3 Bxf3 12. gxf3 d5 13. Bb3 h5 14. Qd3 e6 15. O-O-O O-O 16. Ba4 Ne7 17. Bf4 a6 18. Be5 b5 19. Bb3 Qb6 20. Ne2 Nc6 21. f4 a5 22. a4 bxa4 23. Bxa4 Nb4 24. Qb3 Rfc8 25. c3 Qa6 26. Rd2 Ne4 27. Bxg7 Nxd2 28. Kxd2 Qd3+ 29. Ke1 Qb1+ 30. Kd2 Qxh1 31. Be5 Nc6 32.
Bxc6 Rxc6 33. Qb7 Rac8 34. Qe7 Qb1 35. Qf6 Qxb2+ 36. Kd1 Kf8 37. Qh8+ Ke7 38. Qf6+ Ke8 39. Qh8+ Kd7 40. Qg7 Re8 41. Qxf7+ Re7 42. Qxg6 Rb6 43.
f5 Qb1+ 44. Nc1 Qxf5 45. Qg8 Qf3+ 46. Kc2 Qxf2+ 47. Kd3 Qf1+ 48. Kc2 Qf5+ 49. Kd1 Rb2 0-1

[Event "*** Titled Tuesday 3|2 Blitz"]
[Site "Chess.com"]
[Date "2015.12.01"]
[Round "2"]
[White "armago"]
[Black "UltimateCrusher2"]
[Result "1-0"]
[WhiteElo "2109"]
[BlackElo "2031"]
[TimeControl "180+2"]
[EndTime "11:19:33 PST"]
[Termination "armago won by resignation"]

1. d4 Nf6 2. c4 g6 3. Nc3 Bg7 4. e4 d6 5. Nf3 O-O 6. Be2 e5 7. O-O Na6 8. Be3 Ng4 9. Bg5 Qe8 10. d5 h6 11. Bh4 f5 12. Ne1 Nf6 13. f3 f4 14. Bf2 g5 15. Nd3 h5 16. c5 g4 17.
cxd6 cxd6 18. Bh4 Qg6 19. Kh1 gxf3 20. gxf3 Kf7 21. Rg1 Qh7 22. Qb3 b6 23. Nb5 Rd8 24. Nxe5+ dxe5 25. d6+ Be6 26. Bc4 Nc5 27. Bxe6+ Nxe6 28.
Nc7 Rxd6 29. Nxa8 Nxe4 30. Rad1 Nc5 31. Qc4 b5 32. Qxb5 Rxd1 33. Rxd1 Qc2 34. Qf1 Nd4 35. Rc1 Qxb2 36. Rxc5 e4 37. Qc4+ Kg6 38. Qc1 Qf2 39.
Rg5+ Kh7 40. Bxf2 1-0

[Event "*** Titled Tuesday 3|2 Blitz"]
[Site "Chess.com"]
[Date "2015.12.01"]
[Round "2"]
[White "AungTZ"]
[Black "Makalexa"]
[Result "1-0"]
[WhiteElo "2102"]
[BlackElo "2050"]
[TimeControl "180+2"]
[EndTime "11:19:33 PST"]
[Termination "AungTZ won by resignation"]

1. e4 e5 2. Nf3 Nc6 3. d4 exd4 4.
Nxd4 Bc5 5. Nb3 Bb4+ 6. Bd2 Qe7 7. Bd3 Ne5 8. O-O Nxd3 9. cxd3 Bxd2 10. Qxd2 Nh6 11.
Nc3 c6 12. d4 d6 13. e5 O-O 14. Rae1 dxe5 15. Rxe5 Qh4 16. h3 Be6 17. Nc5 Bc4 18. Rfe1 b6 19. Nd7 Rfd8 20. R1e4 Qxe4 21. Nxe4 Rxd7 22.
Rh5 Kh8 23. Rxh6 gxh6 24. Qxh6 f5 25. Qxc6 Rad8 26. Qf6+ Kg8 27. Qxf5 Rg7 28. Nf6+ Kh8 29. Nh5 Rg6 30. Qe5+ Kg8 31. Nf6+ Kf7 32. Qc7+ Kxf6 33.
Qxd8+ Ke6 34. Qc7 b5 35. b3 Bd3 36. Qe5+ Kf7 37. d5 a6 38. d6 Rg8 39. Qd5+ 1-0

[Event "*** Titled Tuesday 3|2 Blitz"]
[Site "Chess.com"]
[Date "2015.12.01"]
[Round "2"]
[White "Hikaru"]
[Black "Frolyanov_D"]
[Result "1-0"]
[WhiteElo "2916"]
[BlackElo "2446"]
[TimeControl "180+2"]
[EndTime "11:19:34 PST"]
[Termination "Hikaru won by resignation"]

1. d4 d5 2. Nc3 Nf6 3. Bg5 Nbd7 4. f3 c5 5. dxc5 e6 6. e4 Bxc5 7. Qd2 O-O 8. exd5 exd5 9. O-O-O Qa5 10. Kb1 Bb4 11. Nge2 h6 12. Bxf6 Nxf6 13. a3 Bxc3 14. Qxc3 Qb6 15. Qd4 Qc7 16. g4 Bd7 17. Nf4 Rac8 18.
Bd3 Rfe8 19. h4 Qe5 20. Qxe5 Rxe5 21. Rhg1 g5 22. hxg5 hxg5 23. Ne2 Kg7 24. Rh1 Rh8 25. Rxh8 Kxh8 26. Nd4 Kg7 27. Kc1 a6 28. Kd2 Re8 29. Rh1 Rh8 30. Rxh8 Kxh8 31. Kc3 a5 32. Ne2 Kg7 33.
Kd4 Kf8 34. Kc5 Ke7 35. Nd4 Ne8 36. Kxd5 b6 37. Nf5+ Kd8 38. Nd6 Nc7+ 39. Ke5 Ke7 40. Nf5+ Bxf5 41. Kxf5 f6 42. Ke4 Kd6 43. Bc4 Ne8 44.
Bf7 Nc7 45. b3 Nb5 46. a4 Nc3+ 47. Kd3 Na2 48. c3 1-0

[Event "*** Titled Tuesday 3|2 Blitz"]
[Site "Chess.com"]
[Date "2015.12.01"]
[Round "2"]
[White "LyonBeast"]
[Black "AndreyOstrovskiy"]
[Result "1-0"]
[WhiteElo "2710"]
[BlackElo "2434"]
[TimeControl "180+2"]
[EndTime "11:19:37 PST"]
[Termination "LyonBeast won by checkmate"]

1. Nf3 Nf6 2. g3 d5 3. Bg2 e6 4. O-O Be7 5. c4 O-O 6. Qc2 b6 7. d4 c6 8. Bg5 Ba6 9. Nbd2 Nbd7 10. Rac1 h6 11. Bxf6 Bxf6 12. Rfd1 Rc8 13. e4 c5 14. Qa4 Bxc4 15. Nxc4 dxc4 16. e5 Be7 17. d5 Bg5 18. Nxg5 Nxe5 19. Nf3 Nd3 20. dxe6 Nxb2 21. Rxd8 Nxa4 22. exf7+ Kxf7 23. Ne5+ Ke6 24. Bh3+ Kxe5 25. Re1+ Kf6 26. Rd6+ Kf7 27. Be6+ Ke7 28. Rd7+ Kf6 29. Bxc4 Nb2 30. Rd6+ Kf5 31. Be6+ Kg5 32. h4+ Kh5 33. Re5+ g5 34. Kg2 Rcd8 35. Rxd8 Rxd8 36. Bf7+ Kg4 37. f3# 1-0

[Event "*** Titled Tuesday 3|2 Blitz"]
[Site "Chess.com"]
[Date "2015.12.01"]
[Round "2"]
[White "GrigorGrigorov"]
[Black "1stSecond"]
[Result "1-0"]
[WhiteElo "2543"]
[BlackElo "2387"]
[TimeControl "180+2"]
[EndTime "11:19:55 PST"]
[Termination "GrigorGrigorov won by resignation"]

1. d4 Nf6 2. c4 e6 3. Nf3 c5 4. d5 exd5 5. cxd5 d6 6. Nc3 g6 7. Bf4 a6 8. a4 Bg7 9. e4 O-O 10. Be2 Ne8 11. Nd2 Nd7 12. O-O Qe7 13. Re1 Rb8 14. Qc2 b6 15. Nc4 Ne5 16. Bxe5 Bxe5 17.
Nxe5 Qxe5 18. Qd2 Nf6 19. Bf1 Re8 20. Rad1 g5 21. Re3 h6 22. Rde1 Kh7 23. f3 Qd4 24. Qf2 Nh5 25. g3 Qf6 26. Bd3 Kh8 27. Kh1 Re7 28. Bf1 b5 29. axb5 axb5 30. Bxb5 Reb7 31. e5 dxe5 32. Rxe5 Bg4 33. Kg2 Bf5 34. Qxc5 Kg7 35.
Re8 Rxb5 36. Nxb5 Qxb2+ 37. R1e2 Qxb5 38. Qf8+ Kg6 39. Qd6+ Nf6 40. Qxb8 Qxd5 41. R8e5 Qc6 42. Rxf5 Kxf5 43. Qb1+ Ne4 44. Qxe4+ 1-0

[Event "*** Titled Tuesday 3|2 Blitz"]
[Site "Chess.com"]
[Date "2015.12.01"]
[Round "2"]
[White "Matibar"]
[Black "Zvonokchess"]
[Result "1/2-1/2"]
[WhiteElo "2496"]
[BlackElo "2536"]
[TimeControl "180+2"]
[EndTime "11:20:01 PST"]
[Termination "Game drawn by repetition"]

1. e4 d5 2. exd5 Qxd5 3. Nc3 Qd6 4. d4 Nf6 5. Nf3 Bg4 6. Nb5 Qb6 7. c4 c6 8. c5 Qd8 9. Nc3 e6 10. Be2 Be7 11. Be3 O-O 12. h3 Bxf3 13. Bxf3 Nbd7 14. O-O Nd5 15. Nxd5 exd5 16. b4 Re8 17. a4 Nf8 18. b5 Ne6 19. Qd3 Bg5 20. a5 a6 21. bxc6 bxc6 22.
Rfb1 Qf6 23. Ra3 Bxe3 24. fxe3 Ng5 25. Rf1 Qe7 26. Rb3 Qc7 27. Qf5 Ne4 28. Bxe4 Rxe4 29.
Rf4 Re6 30. Rb6 Qe7 31. Kh2 g6 32.
Qb1 f5 33. Rf3 Rxe3 34. Rxe3 Qxe3 35. Rb8+ Rxb8 36. Qxb8+ Kg7 37. Qc7+ Kh6 38. Qxc6 Qf4+ 39. Kh1 Qf1+ 40. Kh2 Qf4+ 41. Kh1 Qf1+ 42. Kh2 Qf4+ 1/2-1/2

[Event "*** Titled Tuesday 3|2 Blitz"]
[Site "Chess.com"]
[Date "2015.12.01"]
[Round "2"]
[White "riconaipe"]
[Black "Krutoy123"]
[Result "0-1"]
[WhiteElo "2307"]
[BlackElo "2335"]
[TimeControl "180+2"]
[EndTime "11:20:08 PST"]
[Termination "Krutoy123 won by checkmate"]

1. d4 Nf6 2. c4 e6 3. Nc3 Bb4 4. Nf3 O-O 5. Bg5 h6 6. Bh4 d5 7. e3 c5 8. cxd5 exd5 9. Bd3 Bg4 10. O-O cxd4 11. Bxf6 Qxf6 12. Nxd5 Qd6 13. e4 Nc6 14. h3 Bh5 15. Be2 Bxf3 16. Bxf3 Bc5 17. a3 a5 18. Rc1 a4 19. Be2 Ra5 20. f4 d3+ 21. Kh1 dxe2 22. Qxe2 Bd4 23. Rfd1 Rc5 24.
Rxc5 Qxc5 25. f5 Qd6 26. Qg4 Re8 27. Rf1 Qe5 28. f6 g6 29. Qd7 Rb8 30. Rc1 Qxe4 31.
Ne7+ Nxe7 32. fxe7 Kg7 33. Qxa4 Qe5 34. Rd1 Bxb2 35. Rd7 Qe1+ 36. Kh2 Be5+ 37. g3 Qxg3+ 38. Kh1 Qh2# 0-1

[Event "*** Titled Tuesday 3|2 Blitz"]
[Site "Chess.com"]
[Date "2015.12.01"]
[Round "2"]
[White "JustaTrickstar"]
[Black "BakaPG"]
[Result "1-0"]
[WhiteElo "2521"]
[BlackElo "2482"]
[TimeControl "180+2"]
[EndTime "11:20:10 PST"]
[Termination "JustaTrickstar won by resignation"]

1. c4 c6 2. d4 d5 3. Nf3 Nf6 4. Nc3 e6 5. e3 Nbd7 6. Qc2 Bd6 7. Bd3 dxc4 8. Bxc4 b5 9. Bd3 Bb7 10. O-O O-O 11. h3 Rc8 12. e4 e5 13. dxe5 Nxe5 14. Nxe5 Bxe5 15. Be3 Re8 16. Ne2 Nd7 17. f4 Bb8 18. e5 g6 19. Rad1 Qe7 20. Bf2 a6 21. a4 c5 22. axb5 c4 23. Be4 Bxe4 24. Qxe4 axb5 25.
Qb7 Nc5 26. Qxe7 Rxe7 27. Bxc5 Rb7 28. Bd4 b4 29. f5 Rb5 30. e6 gxf5 31. e7 Re8 32.
Bf6 Bc7 33. Rd8 Bxd8 34. exd8=Q Rxd8 35. Bxd8 Re5 36. Ng3 c3 37. bxc3 bxc3 38. Bf6 Rd5 39. Bxc3 Rd3 40. Rf3 1-0

[Event "*** Titled Tuesday 3|2 Blitz"]
[Site "Chess.com"]
[Date "2015.12.01"]
[Round "2"]
[White "chessdude"]
[Black "alexsuper1987"]
[Result "0-1"]
[WhiteElo "2280"]
[BlackElo "2208"]
[TimeControl "180+2"]
[EndTime "11:20:12 PST"]
[Termination "alexsuper1987 won by checkmate"]

1. e4 c5 2. Nf3 e6 3. g3 Nc6 4. Bg2 d5 5. exd5 exd5 6. O-O Nf6 7. d4 cxd4 8. Nxd4 Be7 9. Nc3 O-O 10. Bg5 h6 11. Bxf6 Bxf6 12. Nb3 Bxc3 13. bxc3 Be6 14. Rb1 b6 15. c4 dxc4 16. Bxc6 cxb3 17. cxb3 Rc8 18. Rc1 Qf6 19. Qf3 Qb2 20. Rcd1 Qxa2 21.
Bd5 Bxd5 22. Rxd5 Qb2 23. Rd7 Rc3 24. Qb7 Qxb3 25. Qxa7 b5 26. Rb7 b4 27. Re1 Qc4 28. Qb6 b3 29. Rb1 Rc8 30. Rxb3 Rc1+ 31. Kg2 Qf1+ 32. Kf3 Qh1+ 33. Ke3 Re1+ 34. Kd2 Qe4 35. Re3 Qd5+ 36. Kxe1 Rc1+ 37. Ke2 Qd1# 0-1

[Event "*** Titled Tuesday 3|2 Blitz"]
[Site "Chess.com"]
[Date "2015.12.01"]
[Round "2"]
[White "Canairez"]
[Black "Gergo85"]
[Result "0-1"]
[WhiteElo "2220"]
[BlackElo "2329"]
[TimeControl "180+2"]
[EndTime "11:20:19 PST"]
[Termination "Gergo85 won by resignation"]

1. d4 d5 2. c4 dxc4 3. Nc3 e5 4. e3 exd4 5. exd4 Nf6 6. Bxc4 Bd6 7.
Nf3 O-O 8. O-O Nc6 9. h3 h6 10. Re1 Bf5 11. Ne5 Bxe5 12. dxe5 Qxd1 13. Nxd1 Nd7 14.
f4 Nd4 15. Ne3 Be6 16. Bf1 g5 17. fxg5 hxg5 18. Bd2 Nxe5 19. Rad1 c5 20. b4 b6 21.
bxc5 bxc5 22. Ba5 Nec6 23. Bc7 Bxa2 24. Bd6 Rfd8 25. Bxc5 Bb3 26. Rc1 a5 27. Ng4 a4 28.
Nf6+ Kg7 29. Ne4 a3 30. Nxg5 a2 31. Bd3 Rd5 32. Be4 Rxc5 33. Rxc5 a1=Q 34. Rxa1 Rxa1+ 35. Kh2 Ne7 36. Rc7 Ng6 37. Nf3 Nxf3+ 38. Bxf3 Be6 39.
Kg3 Ra2 40. h4 Ne5 41. Be4 Ra4 42. Kf4 Ng6+ 43. Ke3 Nxh4 44. g3 Nf5+ 45. Bxf5 Bxf5 46. Kf3 Kg6 47. Ke3 f6 48. Kf3 Kg5 49. Rg7+ Bg6 50. Rg8 Ra3+ 51. Kf2 Kf5 52. Rf8 Bh5 53. Rg8 Bf3 54.
Re8 Bd5 55. Rd8 Rf3+ 56. Kg2 Rd3+ 57. Kh2 Kg4 58. Rg8+ Bxg8 0-1

[Event "*** Titled Tuesday 3|2 Blitz"]
[Site "Chess.com"]
[Date "2015.12.01"]
[Round "2"]
[White "jcibarra"]
[Black "alex_zapata"]
[Result "1-0"]
[WhiteElo "2505"]
[BlackElo "2168"]
[TimeControl "180+2"]
[EndTime "11:20:24 PST"]
[Termination "jcibarra won by checkmate"]

1. e4 c5 2. Nf3 d6 3. d4 cxd4 4. Nxd4 Nf6 5. Nc3 a6 6. Be3 e5 7.
Nf3 Be6 8. Ng5 Qc8 9. Nxe6 fxe6 10. g4 b5 11. g5 Nfd7 12. Qh5+ g6 13. Qg4 Kf7 14.
a3 Bg7 15. h4 Nc6 16. h5 Nd4 17. O-O-O Rb8 18. h6 Bf8 19. Bxd4 exd4 20. Rxd4 Ne5 21. Qf4+ Ke8 22. Qf6 Nf7 23. Bh3 Be7 24. Qxe6 Qxe6 25. Bxe6 Nxg5 26. Bg4 Rf8 27. Rh2 Rf4 28. Rg2 a5 29.
Nd5 Rxe4 30. Rxe4 Nxe4 31. f3 Bg5+ 32. Kd1 Nf6 33. Be6 Nxd5 34. Bxd5 Bxh6 35. Rh2 Bf4 36.
Rxh7 Be5 37. b3 b4 38. a4 Rd8 39. Bf7+ Kf8 40. Bxg6 Kg8 41. Ra7 Rf8 42. Bh7+ Kh8 43. Be4 Rg8 44. Rh7# 1-0

[Event "*** Titled Tuesday 3|2 Blitz"]
[Site "Chess.com"]
[Date "2015.12.01"]
[Round "2"]
[White "Konavets"]
[Black "Ginger_GM"]
[Result "1-0"]
[WhiteElo "2548"]
[BlackElo "2469"]
[TimeControl "180+2"]
[EndTime "11:20:25 PST"]
[Termination "Konavets won by resignation"]

1. e4 c5 2. Nf3 d6 3. d4 cxd4 4. Nxd4 Nf6 5. Nc3 g6 6. Be3 Bg7 7. f3 Nc6 8. Qd2 Bd7 9. O-O-O Rc8 10. Kb1 Ne5 11. h4 O-O 12. g4 b5 13. Ndxb5 Nxf3 14. Qg2 Bxg4 15. h5 Ne5 16. hxg6 Bxd1 17. gxh7+ Kh8 18.
Nxd1 Neg4 19. Bd4 e5 20. Bxa7 Qa5 21. Be2 Ra8 22. Ndc3 Rxa7 23. Nxa7 Ne3 24. Qf2 Qxa7 25.
Rh3 d5 26. exd5 e4 27. Qxe3 Qb7 28. Qg5 Rb8 29. Bb5 Nxd5 30. Qxd5 Qxd5 31. Nxd5 Rxb5 32. Nc3 Re5 33. Ne2 f5 34. c4 Rc5 35. b3 Be5 36. Rh5 Bd6 37. Kc2 Ra5 38. a4 Bb4 39. Nf4 Re5 40.
Ng6+ 1-0

[Event "*** Titled Tuesday 3|2 Blitz"]
[Site "Chess.com"]
[Date "2015.12.01"]
[Round "2"]
[White "StellarChessPro"]
[Black "Rickstereo"]
[Result "1/2-1/2"]
[WhiteElo "2267"]
[BlackElo "2210"]
[TimeControl "180+2"]
[EndTime "11:20:26 PST"]
[Termination "Game drawn by repetition"]

1. d4 Nf6 2. Bg5 Ne4 3. Bf4 d5 4. f3 Nd6 5. e4 dxe4 6. Nc3 exf3 7. Nxf3 Bg4 8. h3 Bh5 9. g4 Bg6 10. Ne5 e6 11. h4 Be4 12. Nxe4 Nxe4 13. Bg2 Nd6 14.
c4 c6 15. Qb3 Qb6 16. c5 Qxb3 17. axb3 Nb5 18. Be3 Be7 19. h5 h6 20. O-O O-O 21. Be4 Bg5 22. Bf2 Na6 23. Nxc6 Nac7 24. Na5 Nd5 25. Bxd5 exd5 26. Nxb7 f5 27. Ra5 Nc7 28. gxf5 Rxf5 29. Nd6 Rf4 30. Bg3 Rg4 31. Kh2 Be3 32. Nf5 Bd2 33. Bxc7 Bxa5 34. Bxa5 Rg5 35. Ne7+ Kh7 36.
c6 Re8 37. c7 Rxe7 38. c8=Q Re2+ 39. Kh3 Re3+ 40. Kh4 Re4+ 41. Kh3 Re3+ 42. Kh2 Re2+ 43. Kh3 Re3+ 44. Kh4 Re4+ 45. Kh3 Re3+ 1/2-1/2

[Event "*** Titled Tuesday 3|2 Blitz"]
[Site "Chess.com"]
[Date "2015.12.01"]
[Round "2"]
[White "kpio91"]
[Black "DeviatkinAndrey"]
[Result "1/2-1/2"]
[WhiteElo "2534"]
[BlackElo "2481"]
[TimeControl "180+2"]
[EndTime "11:20:28 PST"]
[Termination "Game drawn by repetition"]

1. Nf3 d5 2. g3 c6 3. Bg2 Bg4 4. O-O Nd7 5. d3 Ngf6 6. h3 Bh5 7. Qe1 e5 8. e4 dxe4 9. dxe4 Be7 10. Nbd2 O-O 11.
Nc4 Qc7 12. a4 Ne8 13. b3 f6 14. Nh4 Bf7 15. Nf5 Bc5 16. Nce3 a5 17. Kh1 Nd6 18.
Nxd6 Bxd6 19. Nf5 Bb4 20. Qe2 Rfe8 21. Bb2 Rad8 22. f4 Nf8 23. fxe5 fxe5 24. Rad1 Ng6 25. h4 Bf8 26. Qg4 Rxd1 27. Rxd1 h5 28. Qxh5 Nf4 29. Qg4 Bh5 30. Rd7 Bxg4 31. Rxc7 Nxg2 32. Kxg2 Rd8 33. Bxe5 Rd2+ 34. Kf1 Rd1+ 35. Kg2 Rd2+ 36. Kf1 Rd1+ 37. Kg2 Rd2+ 38. Kf1 Rd1+ 39. Kg2 1/2-1/2

[Event "*** Titled Tuesday 3|2 Blitz"]
[Site "Chess.com"]
[Date "2015.12.01"]
[Round "2"]
[White "ruifeng"]
[Black "ZEN-22"]
[Result "1-0"]
[WhiteElo "2151"]
[BlackElo "2253"]
[TimeControl "180+2"]
[EndTime "11:20:29 PST"]
[Termination "ruifeng won by checkmate"]

1. e4 c5 2. Nc3 Nf6 3. e5 Ng8 4. Nf3 Nc6 5. Bc4 a6 6. a4 e6 7. O-O d5 8. exd6 Bxd6 9. Ne4 Be7 10. d3 Nf6 11. Qe2 O-O 12. c3 b6 13. Bf4 Bb7 14. Rfd1 h6 15. h3 Kh8 16. Rac1 Rc8 17. Ng3 Qe8 18.
d4 cxd4 19. cxd4 Nb4 20. Ne5 Qxa4 21. Bxe6 fxe6 22. Ng6+ Kh7 23. Nxe7 Rxc1 24. Rxc1 Qd7 25. Rc7 Qxd4 26. Be3 Qd3 27. Rxb7 Qb1+ 28. Kh2 b5 29. Bd4 Nbd5 30. Qxe6 Re8 31. Bxf6 Nxf6 32. Qf7 Qxb2 33.
Nef5 Rg8 34. Nxg7 Ng4+ 35. hxg4 Rxg7 36. Qf5+ Kh8 37. Rb8+ Rg8 38. Rb7 Rg7 39. Rb6 Kg8 40. Rb8# 1-0

[Event "*** Titled Tuesday 3|2 Blitz"]
[Site "Chess.com"]
[Date "2015.12.01"]
[Round "2"]
[White "Schemato"]
[Black "GianmarcoVaR"]
[Result "0-1"]
[WhiteElo "2098"]
[BlackElo "2117"]
[TimeControl "180+2"]
[EndTime "11:20:33 PST"]
[Termination "GianmarcoVaR won on time"]

1. c4 e5 2. g3 Nf6 3. Bg2 Nc6 4. Nc3 Bc5 5. e3 d6 6. Nge2 a6 7. O-O O-O 8. h3 Bf5 9. d4 Ba7 10. a3 h6 11. b4 Re8 12. Bb2 Qd7 13. g4 exd4 14.
Nxd4 Nxd4 15. exd4 Be4 16. Nxe4 Nxe4 17. Re1 d5 18. c5 Re7 19. Bxe4 Rxe4 20. Rxe4 dxe4 21. d5 Re8 22. Qd4 f5 23. gxf5 Rf8 24. Qxe4 Rxf5 25. Rd1 b6 26. c6 Rg5+ 27. Kh2 Qf7 28. f4 Rf5 29. Be5 b5 30. d6 cxd6 31. Rxd6 Bb6 32.
Qg2 Bc7 33. Rd7 Bxe5 34. Rxf7 Bxf4+ 35. Kh1 Rxf7 36. Qd5 Bc7 37. Kg2 g6 38. Qe6 Kg7 39. Qc8 a5 40. bxa5 Bxa5 41. Qb8 Be1 0-1

[Event "*** Titled Tuesday 3|2 Blitz"]
[Site "Chess.com"]
[Date "2015.12.01"]
[Round "2"]
[White "Keranke"]
[Black "Cryptochess"]
[Result "1/2-1/2"]
[WhiteElo "2599"]
[BlackElo "2431"]
[TimeControl "180+2"]
[EndTime "11:20:37 PST"]
[Termination "Game drawn by repetition"]

1. d4 Nf6 2. c4 e6 3. g3 Bb4+ 4.
Nd2 O-O 5. Bg2 d5 6. Qc2 c6 7.
Nf3 b6 8. O-O Bb7 9. e4 dxe4 10.
Nxe4 Nbd7 11. Nxf6+ Nxf6 12. c5 bxc5 13. dxc5 Qe7 14. Be3 Nd5 15. Bd4 Rfd8 16. Rac1 f6 17. a3 Ba5 18. b4 Bc7 19. Bb2 e5 20. Rfe1 a5 21. Qb3 axb4 22. axb4 Bc8 23. b5 Be6 24. bxc6 Nf4 25. Qc2 Nd3 26. Red1 Nxc1 27. Rxc1 Bd5 28. Nd2 Bxg2 29. Kxg2 Qe6 30. Ne4 Qxc6 31. Kg1 Ra4 32.
Qb3+ Kf8 33. Nd6 Rd7 34. Qe6 Ra8 35. Bxe5 fxe5 36. Qf5+ Kg8 37. Qe6+ Kf8 38. Qf5+ Kg8 39. Qe6+ Kf8 1/2-1/2

[Event "*** Titled Tuesday 3|2 Blitz"]
[Site "Chess.com"]
[Date "2015.12.01"]
[Round "2"]
[White "Colombiano07"]
[Black "Dlugy"]
[Result "0-1"]
[WhiteElo "2092"]
[BlackElo "2516"]
[TimeControl "180+2"]
[EndTime "11:20:38 PST"]
[Termination "Dlugy won by resignation"]

1. d4 Nf6 2. Nf3 g6 3. Bf4 Bg7 4. e3 O-O 5. Be2 d6 6. O-O c5 7.
c3 Nc6 8. h3 Nd5 9. Bh2 cxd4 10.
exd4 e5 11. dxe5 dxe5 12. Nbd2 Qe7 13. Re1 Rd8 14. Qb3 Be6 15. Nc4 f6 16. Bf1 Nb6 17. Qb5 Rd5 18. Qb3 Rc5 19. Nfd2 Na5 20. Nxb6 Bxb3 21.
Nxa8 Be6 22. b4 Rd5 23. Nb3 Nc6 24. a3 Qd8 25. Nc5 Rxc5 26. bxc5 Qxa8 27. Rad1 Bf8 28.
Kh1 Bxc5 29. f4 Bxa3 30. fxe5 f5 31. Bb5 a5 32. Bxc6 bxc6 33. Re2 a4 34. Red2 Be7 0-1

[Event "*** Titled Tuesday 3|2 Blitz"]
[Site "Chess.com"]
[Date "2015.12.01"]
[Round "2"]
[White "Gabrielian_Artur"]
[Black "NguyenDucHoa"]
[Result "0-1"]
[WhiteElo "2426"]
[BlackElo "2358"]
[TimeControl "180+2"]
[EndTime "11:20:43 PST"]
[Termination "NguyenDucHoa won by resignation"]

1. e4 c5 2. c3 d5 3. exd5 Qxd5 4. Na3 Nf6 5. Nf3 e6 6. Bc4 Qd8 7. O-O a6 8. d4 b5 9. Be2 Bb7 10. Nc2 Nbd7 11. a4 b4 12. dxc5 bxc3 13. b4 a5 14. bxa5 Bxc5 15. Rb1 Ba6 16. Bxa6 Rxa6 17. Qd3 Qxa5 18.
Rb3 Nd5 19. Re1 O-O 20. Ng5 g6 21. Qh3 N7f6 22. Rb5 Qxa4 23. Rxc5 Qxc2 24. Be3 Rfa8 25. Rxd5 exd5 26. g3 Qf5 27. Qh4 Ra4 28. Bd4 Rxd4 29. Qxd4 Qxg5 30. Qxc3 Rd8 31. Qd4 Kg7 32. h3 Qf5 33. Kg2 Qc8 34. Re7 Rd7 35. Re3 Qc4 36. Qb6 d4 37. Rf3 Qe6 38. Qb1 d3 39. g4 d2 40. Qd1 Qe1 0-1

[Event "*** Titled Tuesday 3|2 Blitz"]
[Site "Chess.com"]
[Date "2015.12.01"]
[Round "2"]
[White "Tesla37"]
[Black "dretch"]
[Result "0-1"]
[WhiteElo "2514"]
[BlackElo "2411"]
[TimeControl "180+2"]
[EndTime "11:20:45 PST"]
[Termination "dretch won by resignation"]

1. e4 e6 2. d4 d5 3. e5 c5 4.
c3 Nc6 5. Nf3 Bd7 6. Be2 f6 7.
O-O Qc7 8. Re1 fxe5 9. Nxe5 Nxe5 10. dxe5 O-O-O 11. c4 Qxe5 12. cxd5 Nf6 13. Bf3 Qd6 14. dxe6 Qxd1 15. Rxd1 Bxe6 16. Bxb7+ Kc7 17. Bf4+ Bd6 18. Bxd6+ Rxd6 19. Rxd6 Kxd6 20. Bf3 Rb8 21. b3 c4 22. bxc4 Bxc4 23. Nd2 Be6 24. a3 Rb2 25. Nf1 Ra2 26. Rxa2 Bxa2 27. Ne3 Kc5 28. Kf1 Kd4 29. Nf5+ Kc3 30.
Nxg7 Kb3 31. Ke2 Kxa3 32. Kd2 Kb2 33. g4 a5 34. g5 Nd7 35. Nf5 a4 36. Ne3 Bb3 37.
Bd5 a3 38. Bxb3 Kxb3 39. Kc1 a2 40. Nc2 Ne5 41. h4 Nd3+ 42. Kd2 Nxf2 43. Kc1 Ne4 44.
Na1+ Kc3 45. Nc2 Ng3 46. Na1 Nh5 47. Nc2 Nf4 48. Na1 Nd3+ 49. Kd1 Kb2 50. h5 Nf4 51. g6 hxg6 52. hxg6 Nxg6 53. Nc2 Ne5 54. Kd2 Nf3+ 55. Kd1 Nd4 56. Na1 Nb3 57. Nc2 Kc3 0-1

[Event "*** Titled Tuesday 3|2 Blitz"]
[Site "Chess.com"]
[Date "2015.12.01"]
[Round "2"]
[White "AnastasiaProtopopova"]
[Black "wilju"]
[Result "1-0"]
[WhiteElo "1856"]
[BlackElo "1792"]
[TimeControl "180+2"]
[EndTime "11:20:56 PST"]
[Termination "AnastasiaProtopopova won on time"]

1. Nf3 d5 2. d4 c5 3. c4 dxc4 4.
d5 e6 5. e4 exd5 6. exd5 Nf6 7. Nc3 Bd6 8. Bxc4 O-O 9. O-O a6 10. a4 Bg4 11. Bg5 h6 12. Bh4 Nbd7 13. Be2 Re8 14.
h3 Bh5 15. Qd2 Qc7 16. Rad1 Ne4 17. Nxe4 Rxe4 18. Bg3 Bxg3 19. fxg3 Qxg3 20. a5 Rae8 21. Bd3 Re3 22. Qf2 Qxf2+ 23. Kxf2 Bxf3 24. gxf3 R3e5 25. f4 Re3 26. Bf5 Nf6 27. d6 Rb3 28. d7 Rxb2+ 29. Kf3 Rd8 30. Rfe1 Rb4 31. Re5 1-0

[Event "*** Titled Tuesday 3|2 Blitz"]
[Site "Chess.com"]
[Date "2015.12.01"]
[Round "2"]
[White "LADIESGET2KNOWME"]
[Black "KnightSeeSix"]
[Result "0-1"]
[WhiteElo "2227"]
[BlackElo "2138"]
[TimeControl "180+2"]
[EndTime "11:21:01 PST"]
[Termination "KnightSeeSix won by resignation"]

1. d4 Nc6 2. Nf3 d6 3. g3 Nf6 4. Bg2 g6 5. O-O Bg7 6. c4 O-O 7. Nc3 e5 8. d5 Ne7 9. e4 h6 10. Ne1 Kh7 11. Nd3 Bg4 12. f3 Bd7 13. Be3 Nh5 14.
f4 exf4 15. gxf4 f5 16. Qd2 fxe4 17. Nxe4 Nf5 18. Bf2 Nh4 19. Ng3 Nf6 20. Rae1 Bh3 21. Bh1 Bxf1 22. Nxf1 Ng4 23. Be4 Nxf2 24. Qxf2 Qf6 25.
Kh1 Rae8 26. Ng3 Qd4 27. Qc2 Re7 28. b3 Rfe8 29. Nf2 Qc3 30. Qe2 Bd4 31. Nd1 Qc1 32.
Qg4 Qd2 33. Rf1 Rxe4 34. Nxe4 Rxe4 35. Qxh4 Qd3 36. Kg2 Qd2+ 37. Nf2 Rxf4 38. Qe7+ Kg8 39. Qe6+ Kg7 40. Qe7+ Rf7 41. Qe4 Rxf2+ 42. Rxf2 Qxf2+ 43. Kh3 Qf5+ 0-1

[Event "*** Titled Tuesday 3|2 Blitz"]
[Site "Chess.com"]
[Date "2015.12.01"]
[Round "2"]
[White "BjarkeSahl"]
[Black "darsen_sanzhaev"]
[Result "0-1"]
[WhiteElo "2143"]
[BlackElo "2276"]
[TimeControl "180+2"]
[EndTime "11:21:03 PST"]
[Termination "darsen_sanzhaev won by resignation"]

1. d4 Nf6 2. Nf3 e6 3. c4 b6 4. Nc3 Bb7 5. g3 d5 6. cxd5 Nxd5 7. Bg2 Be7 8. O-O O-O 9. Re1 Nxc3 10. bxc3 Be4 11.
Bh3 Bd5 12. e4 Bb7 13. Ne5 Nd7 14. Nxd7 Qxd7 15. d5 Bc5 16. Be3 Bxe3 17. Rxe3 Bc8 18. dxe6 Qxd1+ 19. Rxd1 Bxe6 20. Bxe6 fxe6 21. Rd7 Rf7 22.
Red3 Raf8 23. f4 Rxd7 24. Rxd7 Rf7 25. Rd8+ Rf8 26. Rd7 Rf7 27. Rd4 e5 28. fxe5 Re7 29. Rd5 Kf7 30. Kf2 Ke6 31. Ke3 Rf7 32. a4 h5 33. a5 g5 34. axb6 axb6 35. c4 g4 36. c5 Rf3+ 37. Kd4 b5 38. c6 b4 39. Rd7 Rf2 40. Rxc7 Rd2+ 41. Kc4 Kxe5 42. Re7+ Kf6 43. Rb7 Rc2+ 44. Kd5 Rd2+ 45. Kc5 Rxh2 46. Rxb4 Rc2+ 47. Rc4 Rxc4+ 48. Kxc4 Ke7 49. e5 h4 50. Kd5 h3 51. e6 h2 52. c7 h1=Q+ 53. Ke5 Qc6 0-1